 Dungeon Crawl Stone Soup version 0.31.0-11-ge490571c62 (webtiles) character file.

Game seed: 2838272321653613956

1746 qw the Skirmisher (level 8, -7/46 HPs)
             Began as a Deep Elf Hunter on Feb 3, 2024.
             Was a Priest of Okawaru.
             Killed from afar by an electric eel (13 damage)
             ... with a bolt of electricity
             ... on level 7 of the Dungeon.
             The game lasted 00:00:28 (5255 turns).

qw the Skirmisher (Deep Elf Hunter)                 Turns: 5255, Time: 00:00:28

Health: -7/46      AC: 13    Str: 10    XL:     8   Next: 77%
Magic:  13/13      EV: 13    Int: 15    God:    Okawaru [***...]
Gold:   359        SH:  0    Dex: 18    Spells: 7/7 levels left

rFire   . . .        a - +0 shortbow
rCold   . . .        (shield currently unavailable)
rNeg    . . .        i - +0 acid dragon scales
rPois   .            f - +0 helmet
rElec   .            (no cloak)
rCorr   +            e - +0 pair of gloves
SInv    .            p - +0 pair of boots
Will    .....        k - amulet of faith
Stlth   ++           g - +4 ring of protection
HPRegen 0.27/turn    (no ring)
MPRegen 0.13/turn

%: faith
@: about to teleport
A: no striking features
a: Renounce Religion, Heroism


You were on level 7 of the Dungeon.
You worshipped Okawaru.
Okawaru was most pleased with you.
You visited 2 branches of the dungeon, and saw 8 of its levels.

You collected 359 gold pieces.


   Skills:
 - Level 3.1 Fighting
 - Level 13.2 Ranged Weapons
 - Level 1.1 Armour
 + Level 4.0 Dodging
 - Level 1.2 Stealth
 - Level 4.2 Invocations


You had 7 spell levels left.
You didn't know any spells.
Your spell library was empty.

Inventory:

Hand Weapons
 a - a +0 shortbow (weapon)
Armour
 e - a +0 pair of gloves (worn)
 f - a +0 helmet (worn)
 i - +0 acid dragon scales (worn)
 p - a +0 pair of boots (worn)
Jewellery
 c - an amulet of the acrobat
 g - a +4 ring of protection (left hand)
 k - an amulet of faith (around neck)
Wands
 m - a wand of flame (19)
 s - a wand of mindburst (22)
 u - a wand of iceblast (5)
Scrolls
 d - a scroll of blinking {unknown}
Potions
 b - a potion of resistance
 l - a potion of might
 o - a potion of mutation {unknown}

Dungeon Overview and Level Annotations

Branches:
Dungeon (7/15)             Temple (1/1) D:4

Altars:
Ashenzari
Cheibriados
Dithmenos
Elyvilon
Fedhas
Gozag
Kikubaaqudgha
Makhleb
Nemelex Xobeh
Okawaru
Qazlal
Ru
Trog
Uskayaw
Vehumet
Wu Jian
Xom
Yredelemnul
The Shining One


Message History

The bolt of electricity hits you!
The sky beast hits the plant.
The sky beast shocks the plant.
5248 ||| READING 2 scrolls of teleportation.
As you read the scroll of teleportation, it crumbles to dust.
You feel strangely unstable.
The sky beast hits the plant.
The sky beast shocks the plant.
5249 ||| DRINKING potion of heal wounds.
You feel much better.
A nearby plant withers and dies.
You shoot an arrow.
The arrow closely misses the electric eel.
The sky beast hits the plant.
The plant begins to die.
The sky beast shocks the plant.
You shoot an arrow. The arrow hits the electric eel.
The electric eel is lightly wounded.
The orc hits the plant with a +0 flail!
The electric eel shoots out a bolt of lightning at you!
The bolt of electricity hits you!
The sky beast hits the plant.
The sky beast shocks the plant.
You shoot an arrow.
The arrow closely misses the electric eel.
The orc hits the plant with a +0 flail.
The plant begins to die.
You shoot an arrow.
The arrow hits the electric eel but does no damage.
The electric eel is lightly wounded.
Your surroundings suddenly seem different.
Splash!
An electric eel comes into view.
Found a potion of lignification.
The electric eel shoots out a bolt of lightning at you!
The bolt of electricity hits you!
5254 ||| READING scroll of teleportation.
As you read the scroll of teleportation, it crumbles to dust.
You feel strangely unstable.
The electric eel shoots out a bolt of lightning at you!
The bolt of electricity misses you.
5255 ||| FLEEEEING.
The electric eel shoots out a bolt of lightning at you!
The bolt of electricity hits you!
You die...

......## ......## #
.......## ###. ~P~
#.......## ###..# ~~~
#........###.....# ~~PP
#................##7~~~~~
..###...%..........7!P~.~
#. ##..<#######.........
# ##### #@........
##~~~~~..~ #~77P~~S~ ...
~P~~ #.... ~~ ###..# ###


You could see an electric eel.

Vanquished Creatures
  Maggie (D:6)
  A steam dragon (D:7)
  A black bear (D:5)
  A sky beast (D:6)
  An ogre (D:7)
  A phantom (D:5)
  A bullfrog (D:5)
  4 scorpions
  A howler monkey (D:4)
  A crimson imp (D:4)
  3 jellies
  3 hounds
  An orc priest (D:5)
  A gnoll bouda (D:7)
  3 iguanas
  4 orc wizards
  3 gnolls (D:7)
  11 adders
  2 white imps
  A dart slug (D:2)
  14 orcs
  6 endoplasms
  4 giant cockroaches
  5 goblins
  6 hobgoblins
  4 quokkas
  9 ball pythons
  6 bats
  2 frilled lizards
  6 kobolds
  7 rats
114 creatures vanquished.

Notes
Turn   | Place    | Note
-------+----------+-------------------------------------------
     0 | D:1      | qw the Deep Elf Hunter began the quest for the Orb.
     0 | D:1      | Reached XP level 1. HP: 12/12 MP: 3/3
     0 | D:1      | 0 ||| qw: Version: 0.3-a-157-g843a77d
     0 | D:1      | 0 ||| qw: Game counter: 3805
     0 | D:1      | 0 ||| qw: Melee chars always use a shield: true
     0 | D:1      | 0 ||| qw: God list: Okawaru
     0 | D:1      | 0 ||| qw: Allow faded altars: false
     0 | D:1      | 0 ||| qw: Do Orc after clearing Dungeon:15 true
     0 | D:1      | 0 ||| qw: Do second Lair branch before Depths: true
     0 | D:1      | 0 ||| qw: Lair rune preference: random
     0 | D:1      | 0 ||| qw: Goals: Normal
     0 | D:1      | 0 ||| PLANNING D:1-11
   130 | D:1      | Reached skill level 6 in Ranged Weapons
   130 | D:1      | Reached XP level 2. HP: 16/16 MP: 4/4
   540 | D:1      | 540 ||| UPGRADING to +0 pair of gloves.
   545 | D:1      | 545 ||| READING scroll labelled MUATRE MUEZI.
   549 | D:1      | 549 ||| READING scroll labelled EKEADGHUWID.
   549 | D:1      | 549 ||| IDENTIFYING coppery potion
   550 | D:1      | 550 ||| DROPPING scroll of butterflies.
   551 | D:1      | 551 ||| DROPPING potion of magic.
   872 | D:2      | Reached XP level 3. HP: 20/20 MP: 5/5
  1184 | D:2      | 1184 ||| UPGRADING to +0 ring mail.
  1194 | D:2      | 1194 ||| DROPPING +0 leather armour.
  1195 | D:2      | 1195 ||| UPGRADING to +0 helmet.
  1200 | D:2      | 1200 ||| UPGRADING to amulet of faith.
  1205 | D:2      | 1205 ||| UPGRADING to +4 ring of protection.
  1206 | D:2      | 1206 ||| READING scroll labelled YPREIDWONE.
  1289 | D:3      | Reached skill level 7 in Ranged Weapons
  1318 | D:3      | Found a sacrificial altar of Ru.
  1330 | D:3      | Reached XP level 4. HP: 25/25 MP: 6/6
  1472 | D:3      | Found a faded altar of an unknown god.
  1519 | D:3      | Reached skill level 8 in Ranged Weapons
  1729 | D:3      | 1729 ||| READING scroll labelled DIEPER LOIDWAS.
  1730 | D:3      | 1730 ||| DRINKING 2 fizzy black potions.
  1731 | D:3      | 1731 ||| FLEEEEING.
  1732 | D:3      | 1732 ||| FLEEEEING.
  1733 | D:3      | 1733 ||| FLEEEEING.
  1734 | D:3      | 1734 ||| FLEEEEING.
  1735 | D:3      | 1735 ||| FLEEEEING.
  1736 | D:3      | 1736 ||| FLEEEEING.
  1737 | D:3      | 1737 ||| FLEEEEING.
  1738 | D:3      | 1738 ||| FLEEEEING.
  1739 | D:3      | 1739 ||| FLEEEEING.
  1740 | D:3      | 1740 ||| FLEEEEING.
  1741 | D:3      | 1741 ||| STAIRDANCE
  1743 | D:2      | 1743 ||| FLEEEEING.
  1744 | D:2      | 1744 ||| FLEEEEING.
  1745 | D:2      | 1745 ||| FLEEEEING.
  1746 | D:2      | 1746 ||| FLEEEEING.
  1747 | D:2      | 1747 ||| FLEEEEING.
  1748 | D:2      | 1748 ||| FLEEEEING.
  1749 | D:2      | 1749 ||| FLEEEEING.
  1750 | D:2      | 1750 ||| FLEEEEING.
  1751 | D:2      | 1751 ||| FLEEEEING.
  1752 | D:2      | 1752 ||| FLEEEEING.
  1753 | D:2      | 1753 ||| FLEEEEING.
  1754 | D:2      | 1754 ||| FLEEEEING.
  1755 | D:2      | 1755 ||| FLEEEEING.
  1756 | D:2      | 1756 ||| FLEEEEING.
  1757 | D:2      | 1757 ||| STAIRDANCE
  1859 | D:1      | 1859 ||| DROPPING potion of berserk rage.
  1887 | D:4      | Reached XP level 5. HP: 29/29 MP: 7/7
  1947 | D:4      | 1947 ||| FLEEEEING.
  1948 | D:4      | 1948 ||| FLEEEEING.
  1949 | D:4      | 1949 ||| FLEEEEING.
  2114 | D:4      | Reached skill level 9 in Ranged Weapons
  2195 | D:4      | Reached XP level 6. HP: 31/36 MP: 8/8
  2229 | D:4      | Found a staircase to the Ecumenical Temple.
  2230 | D:4      | 2230 ||| PLANNING TEMPLE
  2230 | D:4      | 2230 ||| READING scroll labelled XASOSA ZUYDD.
  2338 | Temple   | Entered the Ecumenical Temple
  2339 | Temple   | 2339 ||| PLANNING OKAWARU WORSHIP
  2369 | Temple   | Became a worshipper of Warmaster Okawaru
  2370 | Temple   | 2370 ||| PLANNING D:1-11
  2546 | D:4      | Reached skill level 1 in Armour
  2761 | D:4      | 2761 ||| DROPPING amulet of magic regeneration.
  2763 | D:4      | 2763 ||| READING 4 scrolls of identify.
  2763 | D:4      | 2763 ||| IDENTIFYING glowing blue potion
  2764 | D:4      | 2764 ||| READING 3 scrolls of identify.
  2764 | D:4      | 2764 ||| IDENTIFYING bubbling grey potion
  2765 | D:4      | 2765 ||| READING 2 scrolls of identify.
  2765 | D:4      | 2765 ||| IDENTIFYING inky potion
  2766 | D:4      | 2766 ||| READING scroll of identify.
  2766 | D:4      | 2766 ||| IDENTIFYING yellow potion
  2767 | D:4      | 2767 ||| READING scroll labelled BUUKEKL BITRI.
  2768 | D:4      | 2768 ||| READING 2 scrolls labelled MOITYTHR KETS.
  2808 | D:4      | 2808 ||| DROPPING potion of lignification.
  2809 | D:4      | 2809 ||| DROPPING potion of attraction.
  2810 | D:4      | 2810 ||| DROPPING potion of invisibility.
  2811 | D:4      | 2811 ||| DROPPING scroll of vulnerability.
  2932 | D:5      | Entered Level 5 of the Dungeon
  2988 | D:5      | Reached * piety under Okawaru
  3048 | D:5      | Reached skill level 10 in Ranged Weapons
  3048 | D:5      | Reached skill level 1 in Invocations
  3048 | D:5      | Reached XP level 7. HP: 40/40 MP: 9/9
  3181 | D:5      | Reached skill level 3 in Dodging
  3242 | D:5      | 3242 ||| DRINKING silvery potion.
  3243 | D:5      | 3243 ||| DRINKING purple potion.
  3396 | D:5      | Reached skill level 3 in Invocations
  3822 | D:5      | Reached ** piety under Okawaru
  4076 | D:5      | 4076 ||| READING scroll of identify.
  4076 | D:5      | 4076 ||| IDENTIFYING green potion
  4127 | D:6      | Reached skill level 11 in Ranged Weapons
  4170 | D:6      | Reached XP level 8. HP: 45/45 MP: 13/13
  4266 | D:6      | Noticed Maggie
  4267 | D:6      | 4267 ||| INVOKING Heroism.
  4287 | D:6      | Killed Maggie
  4288 | D:6      | Reached skill level 12 in Ranged Weapons
  4444 | D:6      | Reached skill level 3 in Fighting
  4947 | D:6      | 4947 ||| DROPPING scarf of shadows.
  4948 | D:6      | 4948 ||| UPGRADING to +0 acid dragon scales.
  4958 | D:6      | 4958 ||| DROPPING +0 ring mail.
  4959 | D:6      | 4959 ||| UPGRADING to +0 pair of boots.
  4964 | D:6      | 4964 ||| READING scroll of identify.
  4964 | D:6      | 4964 ||| IDENTIFYING sedimented orange potion
  4965 | D:6      | 4965 ||| DRINKING 3 cyan potions.
  4966 | D:6      | 4966 ||| DROPPING 2 potions of brilliance.
  5221 | D:7      | 5221 ||| Stepping ~*~*~tactically~*~*~ (cloud).
  5222 | D:7      | 5222 ||| Stepping ~*~*~tactically~*~*~ (cloud).
  5228 | D:7      | Reached *** piety under Okawaru
  5229 | D:7      | Reached skill level 13 in Ranged Weapons
  5230 | D:7      | 5230 ||| FLEEEEING.
  5232 | D:7      | 5232 ||| FLEEEEING.
  5232 | D:7      | HP: 11/46 [electric eel/bolt of electricity (10)]
  5233 | D:7      | 5233 ||| READING 3 scrolls of teleportation.
  5247 | D:7      | HP: 2/46 [electric eel/bolt of electricity (12)]
  5248 | D:7      | 5248 ||| READING 2 scrolls of teleportation.
  5249 | D:7      | 5249 ||| DRINKING potion of heal wounds.
  5253 | D:7      | HP: 6/46 [electric eel/bolt of electricity (10)]
  5254 | D:7      | 5254 ||| READING scroll of teleportation.
  5255 | D:7      | 5255 ||| FLEEEEING.
  5255 | D:7      | Killed from afar by an electric eel

Levels and vault maps discovered:
D:1:      matt_arrival_grand_opening, layout_loops_ring
D:2:      layout_basic
D:3:      layout_rooms, nicolae_ru_great_annihilating_truth,
          ebering_ecumenical_altar_hall, grunt_ministairs_14
D:4:      minmay_chambers_of_fours, layout_rooms, minmay_temple_entry_waves,
          minmay_fire_ice_demons
D:5:      layout_layer_cave, minmay_misc_feat_doors, nicolae_zig_zag_zippers
D:6:      layout_basic, uniq_maggie
D:7:      layout_layer_cave, serial_bayou, serial_bayou_crossing,
          serial_bayou_lagoon_a, serial_bayou_ford_a, serial_bayou_lake_a,
          kennysheep_generic_room_9
Temple:   dpeg_five_rooms_temple

Skill      XL: |  1  2  3  4  5  6  7  8 |
---------------+-------------------------+-----
Ranged Weapons | 6 7 8 9 10 11 13 | 13.2
Fighting       | 2 3 |  3.1
Armour         | 1 |  1.1
Invocations    | 1 4 |  4.2
Dodging        | 3 4 |  4.0
Stealth        | |  1.2

Action                     |  1- 3 |  4- 6 |  7- 9 || total
---------------------------+-------+-------+-------++-------
   Fire: Shortbow          |    88 |   200 |   261 ||   549
 Invoke: Heroism           |       |       |     1 ||     1
    Use: Scroll            |     3 |     8 |     5 ||    16
         Potion            |       |     1 |     4 ||     5
 Armour: Leather armour    |    11 |       |       ||    11
         Ring mail         |     9 |    65 |    96 ||   170
         Acid dragon scale |       |       |    20 ||    20
  Dodge: Dodged            |    18 |    74 |    68 ||   160

Table legend:
 A = Non-vault XP
 B = Vault XP
 C = Vault XP percentage of total XP
 D = Non-vault monster count
 E = Vault monster count
 F = Vault count percentage of total count
                 A         B        C        D         E       F
            +---------+---------+-------+---------+---------+-------
      Total |    1945 |     550 |  22.0 |      99 |      15 |  13.2
            +---------+---------+-------+---------+---------+-------
        D:1 |      23 |       0 |   0.0 |      15 |       0 |   0.0
        D:2 |      23 |       0 |   0.0 |      13 |       0 |   0.0
        D:3 |      85 |      44 |  34.1 |      18 |       6 |  25.0
        D:4 |     255 |     127 |  33.2 |      15 |       8 |  34.8
        D:5 |     683 |       0 |   0.0 |      21 |       0 |   0.0
        D:6 |     452 |     379 |  45.6 |      10 |       1 |   9.1
        D:7 |     424 |       0 |   0.0 |       7 |       0 |   0.0
            +---------+---------+-------+---------+---------+-------
